 Dungeon Crawl Stone Soup version 0.18.1-8-gdd0e5ea (webtiles) character file.

586 santipi the Shooter (level 7, -10/40 HPs)
             Began as a Kobold Hunter on June 11, 2016.
             Was an Initiate of Vehumet.
             Killed from afar by Dowan (20 damage)
             ... with a shard of ice
             ... on level 4 of the Dungeon.
             The game lasted 00:16:06 (3014 turns).

santipi the Shooter (Kobold Hunter)                 Turns: 3014, Time: 00:16:09

Health: -10/40     AC:  9    Str: 10    XL:     7   Next: 65%
Magic:  7/7        EV: 16    Int:  9    God:    Vehumet [......]
Gold:   149        SH:  0    Dex: 19    Spells: 0 memorised, 6 levels left

rFire  . . .     SeeInvis .     v - +2 short sword (elec)
rCold  . . .     Gourm    .     e - +0 mottled dragon armour
rNeg   . . .     Faith    .     (shield restricted)
rPois  .         Spirit   .     w - +0 helmet
rElec  .         Dismiss  .     A - +0 cloak
rCorr  .         Reflect  .     (no gloves)
SustAt .         Harm     .     p - +0 pair of boots
MR     .....                    (no amulet)
Stlth  +.........               (no ring)
                                (no ring)

@: glowing, not resistant to hostile enchantments, very unstealthy
A: carnivore 3
a: Renounce Religion


You were on level 4 of the Dungeon.
You worshipped Vehumet.
Vehumet was noncommittal.
You were very full.

You visited 1 branch of the dungeon, and saw 4 of its levels.

You collected 149 gold pieces.

Inventory:

Hand Weapons
 a - a +1 shortbow
 v - a +2 short sword of electrocution (weapon)
 z - a +3 quarterstaff of chaos
Armour
 e - a +0 mottled dragon armour (worn)
 p - a +0 pair of boots (worn)
 w - a +0 helmet (worn)
 A - a +0 cloak (worn)
Scrolls
 i - a scroll of immolation
 k - a scroll of fear
 m - 4 scrolls of noise
 r - 3 scrolls of identify
Potions
 c - a potion of might {unknown}
 f - a potion of beneficial mutation {unknown}
 h - 3 potions of flight {unknown}
 j - a potion of lignification {unknown}
 n - 2 potions of resistance {unknown}
 q - a potion of heal wounds {unknown}
 s - 3 potions of curing {unknown}
 t - 2 potions of cure mutation {unknown}
 u - a potion of cancellation {unknown}
Comestibles
 b - 2 beef jerkies


   Skills:
 + Level 2.6 Fighting
 + Level 1.0 Short Blades
 + Level 6.7 Bows
 + Level 2.1 Armour
 + Level 4.1 Dodging
 + Level 2.1 Stealth


You had 6 spell levels left.
You didn't know any spells.

Dungeon Overview and Level Annotations

Branches:
Dungeon (4/15)
 Temple: D:4-7

Altars:
Ashenzari
Pakellas
Sif Muna
Vehumet

Annotations:
D:4 Dowan, Grinder


Innate Abilities, Weirdness & Mutations

You are small and have problems with some larger weapons.
You are carnivorous and can eat meat at any time.


Message History

Unknown command.
Wield which item (- for none, * to show all)? (? for menu, Esc to quit)
You hear the crackle of electricity.
v - a +2 short sword of electrocution (weapon)
Grinder blinks!
Dowan mumbles some strange words.
Dowan blinks!
You miss Dowan. Dowan misses you.
You closely miss Dowan. Dowan hits you but does no damage.
Grinder says, "I used to sell toenails on the black market."
Dowan closely misses you.
You closely miss Dowan. Dowan hits you but does no damage.
You closely miss Dowan.
Dowan points at you and mumbles some strange words.
The stone arrow hits you!
* * * LOW HITPOINT WARNING * * *
Dowan gestures at you while chanting. The shard of ice hits you!
Ouch! That really hurt!
You die...

### #.... #.#.. #.#.#
#.#.# #.#.# #.#
#.#@#######. #.#
######.#e#......... ###.#
?.(.[...5'..5...... .>#.#
.((......##.......##.#.#.#
....####.##...e...##.#.#.#
.....(((..+.......##.#.#.#
....####.##.......##.....#
# #...............+.......
#..###.##.......####.###


You could see Grinder and Dowan.

Vanquished Creatures
  Sigmund (D:3)
  Duvessa (D:4)
  An ogre (D:4)
  A scorpion (D:3)
  Crazy Yiuf (D:3)
  Jessica (D:3)
  Terence (D:2)
  4 adders
  2 oozes
  A worm (D:2)
  2 dart slugs (D:2)
  A giant gecko (D:2)
  2 orcs (D:3)
  3 giant cockroaches
  5 goblins
  6 hobgoblins
  6 jackals
  2 quokkas
  A ball python (D:2)
  3 bats
  4 giant newts (D:2)
  9 kobolds
  6 rats
64 creatures vanquished.

Notes
Turn   | Place    | Note
--------------------------------------------------------------
     0 | D:1      | santipi the Kobold Hunter began the quest for the Orb.
     0 | D:1      | Reached XP level 1. HP: 12/12 MP: 1/1
   143 | D:1      | Reached XP level 2. HP: 17/17 MP: 2/2
   276 | D:1      | Reached skill level 4 in Bows
   876 | D:2      | Reached XP level 3. HP: 22/22 MP: 3/3
  1167 | D:2      | Reached XP level 4. HP: 24/27 MP: 4/4
  1247 | D:2      | Found a shattered altar of Ashenzari.
  1793 | D:2      | Reached skill level 5 in Bows
  1804 | D:2      | Noticed Terence
  1813 | D:2      | Killed Terence
  1813 | D:2      | Reached XP level 5. HP: 28/31 MP: 5/5
  1890 | D:3      | Found a radiant altar of Vehumet.
  1919 | D:3      | Became a worshipper of Vehumet
  2015 | D:3      | Found an oddly glowing altar of Pakellas.
  2049 | D:3      | Found a deep blue altar of Sif Muna.
  2153 | D:3      | Noticed Sigmund
  2185 | D:3      | Killed Sigmund
  2185 | D:3      | Reached skill level 1 in Armour
  2185 | D:3      | Reached XP level 6. HP: 19/36 MP: 6/6
  2468 | D:3      | Noticed Jessica
  2470 | D:3      | Killed Jessica
  2475 | D:3      | Reached skill level 6 in Bows
  2680 | D:3      | Noticed Crazy Yiuf
  2687 | D:3      | Killed Crazy Yiuf
  2687 | D:3      | Reached XP level 7. HP: 29/40 MP: 7/7
  2938 | D:4      | Reached skill level 1 in Short Blades
  2981 | D:4      | Noticed Duvessa
  2984 | D:4      | Noticed Dowan
  2997 | D:4      | Noticed Grinder
  3005 | D:4      | Killed Duvessa
  3014 | D:4      | Killed from afar by Dowan

Skill      XL: |  1  2  3  4  5  6  7 |
---------------+----------------------+-----
Bows           | 4 5 6 |  6.7
Armour         | 1 2 |  2.1
Dodging        | 3 4 |  4.1
Stealth        | 2 |  2.1
Short Blades   | 1 |  1.0
Fighting       | |  2.6

Action                   |  1- 3 |  4- 6 |  7- 9 || total
-------------------------+-------+-------+-------++-------
Melee: Short sword       |       |    41 |     4 ||    45
 Fire: Shortbow          |    88 |    66 |    34 ||   188
  Use: Potion            |       |     2 |       ||     2
       Scroll            |       |       |    10 ||    10
 Stab: Sleeping          |       |     1 |       ||     1
  Eat: Meat ration       |     1 |       |       ||     1
       Chunk             |       |     8 |       ||     8
Armor: Leather armour    |     3 |     4 |       ||     7
       Ring mail         |       |    17 |       ||    17
       Mottled dragon hi |       |     1 |       ||     1
       Mottled dragon ar |       |       |     9 ||     9
Dodge: Dodged            |    21 |    56 |    17 ||    94
